MINNESOTA Wild vs NEW YORK Islanders

Created - 19 février 2024 at 21:27

Goals
1 2 3 T
MINNESOTA Wild 0 0 1 1
NEW YORK Islanders 0 2 2 4
Shots
1 2 3 T
MINNESOTA Wild 5 8 7 20
NEW YORK Islanders 8 10 9 27

1st period

No Goal

Penalties :
Braden Schneider (NYI) for Holding (Minor) at 11:06, Taylor Hall (MIN) for High sticking (Minor) at 13:14

2nd period

1. NEW YORK Islanders , Lucas Raymond 2 (Pius Suter 5, Gustav Nyquist 2) at 5:35
2. NEW YORK Islanders , Dillon Dube 2 (Lucas Raymond 5, Nino Niederreiter 5) at 17:44 (PP)

Penalties :
Ilya Lyubushkin (NYI) for Roughing (Minor) at 12:26, Mathieu Joseph (MIN) for Slashing (Minor) at 15:22, J.T. Miller (MIN) for Cross-checking (Minor) at 16:50

3rd period

3. NEW YORK Islanders , Kirby Dach 3 (Jesper Fast 3, Ethan Bear 4) at 2:05
4. NEW YORK Islanders , Dillon Dube 3 (Nikolaj Ehlers 3, Nino Niederreiter 6) at 6:13
5. MINNESOTA Wild , Kevin Fiala 3 (Martin Necas 3, Morgan Rielly 10) at 7:34

Penalties :
No Penalty

Goalie Stats

Ilya Samsonov (MIN), 23 saves from 27 shots - (0,852), L, 6-6-0, 60:00 minutes
Ilya Sorokin (NYI), 19 saves from 20 shots - (0,950), W, 8-2-1, 60:00 minutes

Players Stats for MINNESOTA Wild

Player Name              G  A  P  +/- PIM S  H  SB GA TA FO     MP     PP MP  PK MP  
------------------------------------------------------------------------------------
Alex Pietrangelo         0  0  0   0  0   1  2  2  0  0  0/0    23:46   1:33   2:02 
Alexandre Carrier        0  0  0   0  0   1  6  0  0  0  0/0    21:14   2:25   2:19 
Anton Lundell            0  0  0   0  0   0  0  0  0  0  3/7     8:28   0:00   1:15 
Caleb Jones              0  0  0  -2  0   1  2  1  0  0  0/0    15:00   0:00   0:00 
Denis Malgin             0  0  0   0  0   0  0  0  0  0  0/1     7:13   0:00   0:00 
J.T. Miller              0  0  0   0  2   5  2  1  0  0  12/25  22:01   2:25   2:11 
Kevin Fiala              1  0  1   0  0   1  3  0  0  0  0/0    16:27   1:33   0:00 
Martin Necas             0  1  1   0  0   0  2  0  0  0  0/0    16:45   1:33   0:18 
Mathieu Joseph           0  0  0   0  2   0  3  0  0  0  0/0     7:12   0:00   0:00 
Mattias Ekholm           0  0  0   0  0   1  1  0  0  0  0/0    23:46   1:33   2:02 
Morgan Rielly            0  1  1   0  0   1  4  2  0  0  0/0    21:14   2:25   2:19 
Nikita Kucherov          0  0  0   0  0   1  0  1  0  0  1/2    19:50   2:25   0:00 
Robert Thomas            0  0  0   0  0   1  0  0  0  0  10/15  17:42   1:33   1:15 
Taylor Hall              0  0  0  -2  2   2  1  0  0  0  0/0    12:08   0:00   0:00 
Trevor Moore             0  0  0  -2  0   2  0  1  0  0  1/2    12:50   0:00   0:41 
Tyler Toffoli            0  0  0   0  0   2  3  0  0  0  2/2    19:50   2:25   0:00 
Yanni Gourde             0  0  0  -2  0   1  2  0  0  0  5/13   14:39   0:00   2:30 
Zach Werenski            0  0  0  -2  0   0  1  1  0  0  0/0    15:00   0:00   0:00 

Players Stats for NEW YORK Islanders

Player Name              G  A  P  +/- PIM S  H  SB GA TA FO     MP     PP MP  PK MP  
------------------------------------------------------------------------------------
Braden Schneider         0  0  0   1  2   0  0  1  0  0  0/0    20:53   2:18   0:00 
Dillon Dube              2  0  2   0  0   6  2  0  0  0  6/20   20:19   2:08   0:00 
Erik Cernak              0  0  0   0  0   2  2  1  0  0  0/0    24:24   2:03   2:53 
Ethan Bear               0  1  1   1  0   0  0  0  0  0  0/0    16:11   2:08   0:26 
Gustav Nyquist           0  1  1   1  0   1  1  0  0  0  1/1    17:28   0:00   2:45 
Ilya Lyubushkin          0  0  0   1  2   0  4  0  0  0  0/0    19:47   0:00   1:12 
Jacob Trouba             0  0  0   0  0   2  2  1  0  0  0/0    24:01   2:13   2:20 
Jesper Fast              0  1  1   1  0   3  1  0  0  0  1/1    11:30   0:10   0:21 
Kirby Dach               1  0  1   1  0   3  0  0  0  0  7/10   13:38   2:03   0:36 
Logan Stanley            0  0  0   1  0   0  1  0  0  0  0/0    14:42   0:00   1:05 
Lucas Raymond            1  1  2   1  0   3  3  0  0  0  0/0    17:01   2:18   0:00 
Michael McLeod           0  0  0   0  0   1  0  0  0  0  5/9     8:35   0:00   0:47 
Nikolaj Ehlers           0  1  1   0  0   3  0  0  0  0  2/2    21:06   2:03   0:52 
Nino Niederreiter        0  2  2   0  0   1  2  0  0  0  0/0    20:19   2:08   0:00 
Pius Suter               0  1  1   1  0   0  0  0  0  0  9/18   16:46   2:03   0:00 
Sean Kuraly              0  0  0   0  0   1  2  0  0  0  2/5    10:33   0:10   2:35 
Victor Olofsson          0  0  0   1  0   1  0  0  0  0  0/0    10:59   0:00   0:00 
Zack Kassian             0  0  0   0  0   0  0  0  0  0  0/1     7:48   0:00   0:00 

3 Stars

1 - Dillon Dube (NYI)
2 - Lucas Raymond (NYI)
3 - Kirby Dach (NYI)

Power Play

MINNESOTA Wild - 0 on 2 Attempt(s) - 0,00%
NEW YORK Islanders - 1 on 3 Attempt(s) - 33,33%

Penalty Kill

MINNESOTA Wild - 2 on 3 Attempt(s) - 66,67% - Score 0 goal in Penalty Kill
NEW YORK Islanders - 2 on 2 Attempt(s) - 100,00% - Score 0 goal in Penalty Kill

Team Stat

MINNESOTA Wild - Hits : 32 - Faceoff Wins : 34 - Blocked Shots : 9 - Penalty Minutes : 6
NEW YORK Islanders - Hits : 20 - Faceoff Wins : 33 - Blocked Shots : 3 - Penalty Minutes : 4

Official

Referees : Cody Beach and Trevor Hanson
Linesman : Anna Hammar and Nikoleta Celarova

Game Notes

No Game Note

Finance

Level 1 -- Attendance: 5895 (98,25%) -- Ticket Income $501,075
Level 2 -- Attendance: 5189 (94,35%) -- Ticket Income $259,450
Level 3 -- Attendance: 2844 (94,80%) -- Ticket Income $71,100
Level 4 -- Attendance: 3203 (64,06%) -- Ticket Income $70,466
Luxury Box -- Attendance: 695 (69,50%) -- Ticket Income $149,425
Game was played at the Barclays Center.
Total Attendance: 17826 (86,96%)
Total Ticket Income: $1,051,516
Other Income: $262,879
Total Income: $1,314,395

MINNESOTA Wild

5 vs 5 Forward 
   Center                   Left Wing                Right Wing               Time % Phy DF OF 
 1 J.T. Miller              Tyler Toffoli            Nikita Kucherov          40     1   2  2  
 2 Robert Thomas            Kevin Fiala              Martin Necas             32     1   2  2  
 3 Yanni Gourde             Taylor Hall              Trevor Moore             20     1   2  2  
 4 Anton Lundell            Mathieu Joseph           Denis Malgin             8      1   3  1  

5 vs 5 Defense 
   Defense                  Defense                                           Time % Phy DF OF 
 1 Alex Pietrangelo         Mattias Ekholm                                    40     1   2  2  
 2 Morgan Rielly            Alexandre Carrier                                 32     1   3  1  
 3 Zach Werenski            Caleb Jones                                       20     1   3  1  
 4 Alex Pietrangelo         Mattias Ekholm                                    8      1   2  2  

PowerPlay Forward 
   Center                   Left Wing                Right Wing               Time % Phy DF OF 
 1 J.T. Miller              Tyler Toffoli            Nikita Kucherov          60     1   1  3  
 2 Robert Thomas            Kevin Fiala              Martin Necas             40     1   1  3  

PowerPlay Defense
   Defense                  Defense                                           Time % Phy DF OF 
 1 Alex Pietrangelo         Mattias Ekholm                                    60     1   2  2  
 2 Morgan Rielly            Alexandre Carrier                                 40     1   2  2  

Penalty Kill 4 Players Forward 
   Center                   Wing                     Time % Phy DF OF 
 1 J.T. Miller              Yanni Gourde             60     1   3  1  
 2 Anton Lundell            Robert Thomas            40     1   3  1  

Penalty Kill 4 Players Defense
   Defense                  Defense                  Time % Phy DF OF 
 1 Alex Pietrangelo         Mattias Ekholm           60     1   3  1  
 2 Morgan Rielly            Alexandre Carrier        40     1   3  1  

Penalty Kill - 3 Players Forward 
   Forward                                           Time % Phy DF OF 
 1 J.T. Miller                                       60     1   3  1  
 2 Yanni Gourde                                      40     1   3  1  

Penalty Kill - 3 Players Defense
   Defense                  Defense                  Time % Phy DF OF 
 1 Alex Pietrangelo         Mattias Ekholm           60     1   3  1  
 2 Morgan Rielly            Alexandre Carrier        40     1   3  1  

4 vs 4 Forward 
   Center                   Wing                     Time % Phy DF OF 
 1 J.T. Miller              Nikita Kucherov          60     1   2  2  
 2 Robert Thomas            Kevin Fiala              40     1   2  2  

4 vs 4 Defense
   Defense                  Defense                  Time % Phy DF OF 
 1 Alex Pietrangelo         Mattias Ekholm           60     1   2  2  
 2 Morgan Rielly            Alexandre Carrier        40     1   2  2  

Last Minutes Offensive
   Center                   Left Wing                Right Wing               Defense                  Defense                  
   J.T. Miller              Tyler Toffoli            Nikita Kucherov          Alex Pietrangelo         Mattias Ekholm           

Last Minutes Defensive
   Center                   Left Wing                Right Wing               Defense                  Defense                  
   J.T. Miller              Yanni Gourde             Robert Thomas            Alex Pietrangelo         Mattias Ekholm           

Goaltenders
Starting : Ilya Samsonov            
Backup : Jack Campbell            

Extra Forwards
Normal : Trevor Moore, Anton Lundell, Mathieu Joseph - PP : Taylor Hall, Yanni Gourde - PK : Trevor Moore
Extra Defensemen
Normal : Zach Werenski, Caleb Jones, Alexandre Carrier - PP : Zach Werenski - PK : Caleb Jones, Zach Werenski
Penalty Shots
Nikita Kucherov, Tyler Toffoli, J.T. Miller, Kevin Fiala, Martin Necas

Scratches
None

NEW YORK Islanders

5 vs 5 Forward 
   Center                   Left Wing                Right Wing               Time % Phy DF OF 
 1 Dillon Dube              Nino Niederreiter        Nikolaj Ehlers           40     1   2  2  
 2 Pius Suter               Lucas Raymond            Gustav Nyquist           30     1   2  2  
 3 Kirby Dach               Victor Olofsson          Jesper Fast              20     1   2  2  
 4 Michael McLeod           Sean Kuraly              Zack Kassian             10     1   2  2  

5 vs 5 Defense 
   Defense                  Defense                                           Time % Phy DF OF 
 1 Jacob Trouba             Erik Cernak                                       40     1   2  2  
 2 Ilya Lyubushkin          Braden Schneider                                  30     1   2  2  
 3 Logan Stanley            Ethan Bear                                        20     1   2  2  
 4 Erik Cernak              Jacob Trouba                                      10     1   2  2  

PowerPlay Forward 
   Center                   Left Wing                Right Wing               Time % Phy DF OF 
 1 Dillon Dube              Lucas Raymond            Nino Niederreiter        70     1   2  2  
 2 Pius Suter               Nikolaj Ehlers           Kirby Dach               30     1   2  2  

PowerPlay Defense
   Defense                  Defense                                           Time % Phy DF OF 
 1 Jacob Trouba             Erik Cernak                                       60     1   2  2  
 2 Ethan Bear               Braden Schneider                                  40     1   2  2  

Penalty Kill 4 Players Forward 
   Center                   Wing                     Time % Phy DF OF 
 1 Sean Kuraly              Gustav Nyquist           60     1   2  2  
 2 Michael McLeod           Jesper Fast              40     1   2  2  

Penalty Kill 4 Players Defense
   Defense                  Defense                  Time % Phy DF OF 
 1 Jacob Trouba             Erik Cernak              60     1   2  2  
 2 Braden Schneider         Ilya Lyubushkin          40     1   2  2  

Penalty Kill - 3 Players Forward 
   Forward                                           Time % Phy DF OF 
 1 Pius Suter                                        60     1   2  2  
 2 Sean Kuraly                                       40     1   2  2  

Penalty Kill - 3 Players Defense
   Defense                  Defense                  Time % Phy DF OF 
 1 Jacob Trouba             Erik Cernak              60     1   2  2  
 2 Ilya Lyubushkin          Logan Stanley            40     1   2  2  

4 vs 4 Forward 
   Center                   Wing                     Time % Phy DF OF 
 1 Kirby Dach               Nino Niederreiter        60     1   2  2  
 2 Pius Suter               Victor Olofsson          40     1   2  2  

4 vs 4 Defense
   Defense                  Defense                  Time % Phy DF OF 
 1 Jacob Trouba             Erik Cernak              60     1   2  2  
 2 Ilya Lyubushkin          Braden Schneider         40     1   2  2  

Last Minutes Offensive
   Center                   Left Wing                Right Wing               Defense                  Defense                  
   Dillon Dube              Nino Niederreiter        Nikolaj Ehlers           Jacob Trouba             Erik Cernak              

Last Minutes Defensive
   Center                   Left Wing                Right Wing               Defense                  Defense                  
   Pius Suter               Nino Niederreiter        Lucas Raymond            Jacob Trouba             Erik Cernak              

Goaltenders
Starting : Ilya Sorokin             
Backup : Anton Khudobin           

Extra Forwards
Normal : Nikolaj Ehlers, Kirby Dach, Lucas Raymond - PP : Nikolaj Ehlers, Kirby Dach - PK : Sean Kuraly
Extra Defensemen
Normal : Ethan Bear, Jacob Trouba, Braden Schneider - PP : Ethan Bear - PK : Erik Cernak, Logan Stanley
Penalty Shots
Nino Niederreiter, Lucas Raymond, Kirby Dach, Nikolaj Ehlers, Victor Olofsson

Scratches
Adam Ruzicka (Healthy), Brett Connolly (Healthy), Jay Beagle (Healthy)

% Time on Ice - MINNESOTA Wild

Lines # - Real PCT - Wanted PCT - Time Play
Normal Forward
1 - 34% - 40% - 17:25
2 - 29% - 32% - 14:54
3 - 24% - 20% - 12:09
4 - 14% - 8% - 7:13
Normal Defense
1 - 37% - 40% - 19:04
2 - 32% - 32% - 16:30
3 - 29% - 20% - 15:00
4 - 2% - 8% - 1:07
PP Forward
1 - 61% - 60% - 2:25
2 - 39% - 40% - 1:33
PP Defense
1 - 39% - 60% - 1:33
2 - 61% - 40% - 2:25
PK Forward
1 - 67% - 60% - 2:35
2 - 33% - 40% - 1:15
PK Defense
1 - 53% - 60% - 2:01
2 - 47% - 40% - 1:49
PK3 Forward
1 - 100% - 60% - 0:31
2 - 0% - 40% - 0:00
PK3 Defense
1 - 3% - 60% - 0:01
2 - 97% - 40% - 0:30
44 Forward
1 - 0% - 60%
2 - 0% - 40%
44 Defense
1 - 0% - 60%
2 - 0% - 40%
Last Minute Offensive  - 0:00
Last Minute Defensive  - 0:00
Total
Forward - 60:00
Defense - 60:00

% Time on Ice - NEW YORK Islanders

Lines # - Real PCT - Wanted PCT - Time Play
Normal Forward
1 - 35% - 40% - 18:11
2 - 28% - 30% - 14:43
3 - 21% - 20% - 10:59
4 - 15% - 10% - 7:48
Normal Defense
1 - 35% - 40% - 18:18
2 - 36% - 30% - 18:36
3 - 26% - 20% - 13:37
4 - 2% - 10% - 1:10
PP Forward
1 - 53% - 70% - 2:18
2 - 47% - 30% - 2:03
PP Defense
1 - 47% - 60% - 2:03
2 - 53% - 40% - 2:18
PK Forward
1 - 80% - 60% - 3:11
2 - 20% - 40% - 0:47
PK Defense
1 - 59% - 60% - 2:20
2 - 41% - 40% - 1:38
PK3 Forward
1 - 0% - 60%
2 - 0% - 40%
PK3 Defense
1 - 0% - 60%
2 - 0% - 40%
44 Forward
1 - 0% - 60%
2 - 0% - 40%
44 Defense
1 - 0% - 60%
2 - 0% - 40%
Last Minute Offensive  - 0:00
Last Minute Defensive  - 0:00
Total
Forward - 60:00
Defense - 60:00

Play-by-Play

1st period


0:01 of 1st period - Tyler Toffoli wins face-off versus Dillon Dube in neutral zone.
1:13 of 1st period - Shot by Alexandre Carrier.
1:13 of 1st period - Stopped by Ilya Sorokin without a rebound.
1:14 of 1st period - Kirby Dach wins face-off versus Yanni Gourde in NEW YORK Islanders zone.
1:14 of 1st period - Jesper Fast is hit by Taylor Hall.
1:25 of 1st period - Kirby Dach is hit by Caleb Jones and loses puck.
1:28 of 1st period - Shot by Jesper Fast.
1:28 of 1st period - Shot Misses the Net.
1:30 of 1st period - Shot by Kirby Dach.
1:30 of 1st period - Shot Misses the Net.
1:32 of 1st period - Shot by Kirby Dach.
1:32 of 1st period - Stopped by Ilya Samsonov without a rebound.
1:33 of 1st period - Robert Thomas wins face-off versus Michael McLeod in MINNESOTA Wild zone.
1:50 of 1st period - Shot by Sean Kuraly.
1:50 of 1st period - Deflect By Michael McLeod.
1:50 of 1st period - Stopped by Ilya Samsonov without a rebound.
1:51 of 1st period - Pius Suter wins face-off versus Anton Lundell in MINNESOTA Wild zone.
1:55 of 1st period - Icing by Caleb Jones.
1:56 of 1st period - Pius Suter wins face-off versus Anton Lundell in MINNESOTA Wild zone.
2:07 of 1st period - Mathieu Joseph is hit by Jacob Trouba and loses puck.
2:19 of 1st period - Mathieu Joseph is hit by Jacob Trouba and loses puck.
3:17 of 1st period - Icing by Morgan Rielly.
3:18 of 1st period - Kirby Dach wins face-off versus Robert Thomas in MINNESOTA Wild zone.
4:57 of 1st period - Shot by Dillon Dube.
4:57 of 1st period - Stopped by Ilya Samsonov without a rebound.
4:58 of 1st period - Michael McLeod wins face-off versus Denis Malgin in MINNESOTA Wild zone.
6:27 of 1st period - Lucas Raymond is hit by Caleb Jones and loses puck.
6:32 of 1st period - Shot by Lucas Raymond.
6:32 of 1st period - Stopped by Ilya Samsonov without a rebound.
6:33 of 1st period - Dillon Dube wins face-off versus J.T. Miller in MINNESOTA Wild zone.
6:42 of 1st period - Shot by Nikolaj Ehlers.
6:42 of 1st period - Shot Misses the Net.
7:43 of 1st period - Shot by Victor Olofsson.
7:43 of 1st period - Shot Hit the Post.
8:33 of 1st period - Shot by Lucas Raymond.
8:33 of 1st period - Stopped by Ilya Samsonov without a rebound.
8:34 of 1st period - Yanni Gourde wins face-off versus Michael McLeod in MINNESOTA Wild zone.
8:39 of 1st period - Shot by Trevor Moore.
8:39 of 1st period - Stopped by Ilya Sorokin without a rebound.
8:40 of 1st period - Dillon Dube wins face-off versus Yanni Gourde in NEW YORK Islanders zone.
9:20 of 1st period - Shot by Dillon Dube.
9:20 of 1st period - Shot Misses the Net.
9:22 of 1st period - Shot by Ilya Lyubushkin.
9:22 of 1st period - Shot Misses the Net.
11:03 of 1st period - Shot by Alex Pietrangelo.
11:03 of 1st period - Stopped by Ilya Sorokin without a rebound.
11:04 of 1st period - Nikita Kucherov wins face-off versus Dillon Dube in NEW YORK Islanders zone.
11:06 of 1st period - Minor Penalty to Braden Schneider for Holding.
11:07 of 1st period - Sean Kuraly wins face-off versus J.T. Miller in NEW YORK Islanders zone.
11:07 of 1st period - Sean Kuraly is hit by Tyler Toffoli.
11:14 of 1st period - Icing by Alexandre Carrier.
11:15 of 1st period - J.T. Miller wins face-off versus Sean Kuraly in MINNESOTA Wild zone.
11:20 of 1st period - Sean Kuraly is hit by J.T. Miller and loses puck.
11:29 of 1st period - Shot by Alexandre Carrier.
11:29 of 1st period - Shot Misses the Net.
11:44 of 1st period - Shot by Morgan Rielly.
11:44 of 1st period - Stopped by Ilya Sorokin without a rebound.
11:45 of 1st period - Robert Thomas wins face-off versus Sean Kuraly in NEW YORK Islanders zone.
12:24 of 1st period - Jacob Trouba is hit by Kevin Fiala and loses puck.
12:49 of 1st period - Nikolaj Ehlers is hit by J.T. Miller and loses puck.
13:00 of 1st period - Shot by Alexandre Carrier.
13:00 of 1st period - Shot Misses the Net.
13:08 of 1st period - Shot by J.T. Miller.
13:08 of 1st period - Stopped by Ilya Sorokin without a rebound.
13:09 of 1st period - Anton Lundell wins face-off versus Kirby Dach in NEW YORK Islanders zone.
13:13 of 1st period - Icing by Logan Stanley.
13:14 of 1st period - Kirby Dach wins face-off versus Yanni Gourde in NEW YORK Islanders zone.
13:14 of 1st period - Minor Penalty to Taylor Hall for High sticking.
13:15 of 1st period - Dillon Dube wins face-off versus J.T. Miller in MINNESOTA Wild zone.
13:41 of 1st period - Dillon Dube is hit by Alexandre Carrier and loses puck.
14:12 of 1st period - Shot by Jacob Trouba.
14:12 of 1st period - Stopped by Ilya Samsonov without a rebound.
14:13 of 1st period - Anton Lundell wins face-off versus Pius Suter in MINNESOTA Wild zone.
16:29 of 1st period - Shot by Victor Olofsson.
16:29 of 1st period - Shot Misses the Net.
16:31 of 1st period - Shot by Ethan Bear.
16:31 of 1st period - Deflect By Victor Olofsson.
16:31 of 1st period - Shot Misses the Net.
17:16 of 1st period - Shot by Nikolaj Ehlers.
17:16 of 1st period - Stopped by Ilya Samsonov without a rebound.
17:17 of 1st period - Anton Lundell wins face-off versus Pius Suter in MINNESOTA Wild zone.
18:17 of 1st period - Sean Kuraly is hit by Mathieu Joseph and loses puck.
18:26 of 1st period - Shot by Sean Kuraly.
18:26 of 1st period - Stopped by Ilya Samsonov without a rebound.
18:27 of 1st period - Robert Thomas wins face-off versus Dillon Dube in MINNESOTA Wild zone.
18:47 of 1st period - Shot by Dillon Dube.
18:47 of 1st period - Shot Misses the Net.
18:52 of 1st period - Icing by Kevin Fiala.
18:53 of 1st period - Robert Thomas wins face-off versus Pius Suter in MINNESOTA Wild zone.
18:53 of 1st period - Robert Thomas is hit by Gustav Nyquist.
19:03 of 1st period - Gustav Nyquist is hit by Kevin Fiala and loses puck.
19:44 of 1st period - Icing by Zach Werenski.
19:45 of 1st period - Nikolaj Ehlers wins face-off versus J.T. Miller in MINNESOTA Wild zone.
Goals for this period are 0 for MINNESOTA Wild vs 0 for NEW YORK Islanders.
Shots for this period are 5 for MINNESOTA Wild vs 8 for NEW YORK Islanders.

2nd period


0:01 of 2nd period - J.T. Miller wins face-off versus Dillon Dube in neutral zone.
0:04 of 2nd period - Shot by Tyler Toffoli.
0:04 of 2nd period - Shot Misses the Net.
0:09 of 2nd period - Nikolaj Ehlers is hit by Alex Pietrangelo and loses puck.
1:01 of 2nd period - Icing by Alex Pietrangelo.
1:02 of 2nd period - Pius Suter wins face-off versus J.T. Miller in MINNESOTA Wild zone.
1:07 of 2nd period - Shot by Lucas Raymond.
1:07 of 2nd period - Shot Hit the Post.
1:24 of 2nd period - Pius Suter is hit by Alexandre Carrier.
1:55 of 2nd period - Off-side.
1:56 of 2nd period - Kirby Dach wins face-off versus Yanni Gourde in neutral zone.
2:18 of 2nd period - Victor Olofsson is hit by Zach Werenski and loses puck.
3:22 of 2nd period - Off-side.
3:23 of 2nd period - Pius Suter wins face-off versus J.T. Miller in neutral zone.
3:36 of 2nd period - Shot by Gustav Nyquist.
3:36 of 2nd period - Stopped by Ilya Samsonov with a rebound.
3:43 of 2nd period - Pius Suter is hit by Alex Pietrangelo and loses puck.
4:18 of 2nd period - Shot by Dillon Dube.
4:18 of 2nd period - Stopped by Ilya Samsonov without a rebound.
4:19 of 2nd period - Dillon Dube wins face-off versus Robert Thomas in MINNESOTA Wild zone.
4:22 of 2nd period - Shot by Nikolaj Ehlers.
4:22 of 2nd period - Stopped by Ilya Samsonov without a rebound.
4:23 of 2nd period - Robert Thomas wins face-off versus Dillon Dube in MINNESOTA Wild zone.
4:23 of 2nd period - Robert Thomas is hit by Nino Niederreiter.
4:51 of 2nd period - Icing by Jacob Trouba.
4:52 of 2nd period - Yanni Gourde wins face-off versus Dillon Dube in NEW YORK Islanders zone.
5:29 of 2nd period - Shot by Gustav Nyquist.
5:29 of 2nd period - Shot Blocked by Zach Werenski.
5:35 of 2nd period - Shot by Pius Suter.
5:35 of 2nd period - Deflect By Lucas Raymond.
5:35 of 2nd period - Goal by Lucas Raymond - MINNESOTA Wild : 0 - NEW YORK Islanders : 1.
5:36 of 2nd period - Kirby Dach wins face-off versus Nikita Kucherov in neutral zone.
5:39 of 2nd period - Shot by Jesper Fast.
5:39 of 2nd period - Stopped by Ilya Samsonov without a rebound.
5:40 of 2nd period - Pius Suter wins face-off versus J.T. Miller in MINNESOTA Wild zone.
5:41 of 2nd period - Shot by Gustav Nyquist.
5:41 of 2nd period - Shot Blocked by Alex Pietrangelo.
5:49 of 2nd period - Shot by Mattias Ekholm.
5:49 of 2nd period - Stopped by Ilya Sorokin without a rebound.
5:50 of 2nd period - Robert Thomas wins face-off versus Kirby Dach in NEW YORK Islanders zone.
6:48 of 2nd period - Icing by Nikita Kucherov.
6:49 of 2nd period - J.T. Miller wins face-off versus Dillon Dube in MINNESOTA Wild zone.
7:01 of 2nd period - Shot by Tyler Toffoli.
7:01 of 2nd period - Stopped by Ilya Sorokin without a rebound.
7:02 of 2nd period - Yanni Gourde wins face-off versus Pius Suter in NEW YORK Islanders zone.
7:05 of 2nd period - Shot by Yanni Gourde.
7:05 of 2nd period - Shot Misses the Net.
7:07 of 2nd period - Shot by Trevor Moore.
7:07 of 2nd period - Shot Misses the Net.
7:22 of 2nd period - Shot by Taylor Hall.
7:22 of 2nd period - Stopped by Ilya Sorokin without a rebound.
7:23 of 2nd period - J.T. Miller wins face-off versus Dillon Dube in NEW YORK Islanders zone.
7:38 of 2nd period - Nino Niederreiter is hit by Tyler Toffoli and loses puck.
8:01 of 2nd period - Mattias Ekholm is hit by Erik Cernak and loses puck.
8:04 of 2nd period - Shot by Tyler Toffoli.
8:04 of 2nd period - Shot Misses the Net.
8:06 of 2nd period - Shot by Mattias Ekholm.
8:06 of 2nd period - Deflect By Nikita Kucherov.
8:06 of 2nd period - Shot Misses the Net.
8:21 of 2nd period - Nino Niederreiter is hit by Morgan Rielly and loses puck.
8:52 of 2nd period - Robert Thomas is hit by Erik Cernak.
9:09 of 2nd period - Icing by Jacob Trouba.
9:10 of 2nd period - Yanni Gourde wins face-off versus Dillon Dube in NEW YORK Islanders zone.
9:11 of 2nd period - Shot by Trevor Moore.
9:11 of 2nd period - Stopped by Ilya Sorokin without a rebound.
9:12 of 2nd period - Pius Suter wins face-off versus Yanni Gourde in NEW YORK Islanders zone.
10:27 of 2nd period - Sean Kuraly is hit by Morgan Rielly.
10:39 of 2nd period - Shot by Michael McLeod.
10:39 of 2nd period - Shot Blocked by Nikita Kucherov.
11:03 of 2nd period - Shot by Tyler Toffoli.
11:03 of 2nd period - Deflect By J.T. Miller.
11:03 of 2nd period - Stopped by Ilya Sorokin without a rebound.
11:04 of 2nd period - Robert Thomas wins face-off versus Kirby Dach in NEW YORK Islanders zone.
11:07 of 2nd period - Shot by Kevin Fiala.
11:07 of 2nd period - Deflect By Robert Thomas.
11:07 of 2nd period - Shot Misses the Net.
11:09 of 2nd period - Shot by Robert Thomas.
11:09 of 2nd period - Stopped by Ilya Sorokin with a rebound.
11:11 of 2nd period - Shot by Caleb Jones.
11:11 of 2nd period - Stopped by Ilya Sorokin with a rebound.
11:26 of 2nd period - Robert Thomas is hit by Ilya Lyubushkin.
11:28 of 2nd period - Shot by Kevin Fiala.
11:28 of 2nd period - Shot Blocked by Braden Schneider.
11:32 of 2nd period - Shot by Robert Thomas.
11:32 of 2nd period - Shot Misses the Net.
12:04 of 2nd period - Mattias Ekholm is hit by Jesper Fast.
12:15 of 2nd period - Mathieu Joseph is hit by Ilya Lyubushkin.
12:19 of 2nd period - Shot by Anton Lundell.
12:19 of 2nd period - Deflect By Denis Malgin.
12:19 of 2nd period - Shot Misses the Net.
12:26 of 2nd period - Minor Penalty to Ilya Lyubushkin for Roughing.
12:27 of 2nd period - Sean Kuraly wins face-off versus J.T. Miller in NEW YORK Islanders zone.
13:57 of 2nd period - Shot by Kevin Fiala.
13:57 of 2nd period - Shot Misses the Net.
15:21 of 2nd period - Nikolaj Ehlers is hit by Mathieu Joseph and loses puck.
15:22 of 2nd period - Minor Penalty to Mathieu Joseph for Slashing.
15:23 of 2nd period - J.T. Miller wins face-off versus Sean Kuraly in MINNESOTA Wild zone.
15:32 of 2nd period - Shot by Yanni Gourde.
15:32 of 2nd period - Stopped by Ilya Sorokin without a rebound.
15:33 of 2nd period - J.T. Miller wins face-off versus Dillon Dube in NEW YORK Islanders zone.
15:34 of 2nd period - Shot by Mattias Ekholm.
15:34 of 2nd period - Shot Misses the Net.
15:51 of 2nd period - Mattias Ekholm is hit by Lucas Raymond and loses puck.
16:10 of 2nd period - Morgan Rielly is hit by Lucas Raymond and loses puck.
16:24 of 2nd period - Kirby Dach is hit by Alexandre Carrier and loses puck.
16:31 of 2nd period - Shot by Erik Cernak.
16:31 of 2nd period - Stopped by Ilya Samsonov without a rebound.
16:32 of 2nd period - Kirby Dach wins face-off versus J.T. Miller in MINNESOTA Wild zone.
16:35 of 2nd period - Shot by Pius Suter.
16:35 of 2nd period - Shot Misses the Net.
16:37 of 2nd period - Shot by Erik Cernak.
16:37 of 2nd period - Shot Misses the Net.
16:39 of 2nd period - Shot by Kirby Dach.
16:39 of 2nd period - Shot Misses the Net.
16:41 of 2nd period - Shot by Jacob Trouba.
16:41 of 2nd period - Stopped by Ilya Samsonov without a rebound.
16:42 of 2nd period - J.T. Miller wins face-off versus Pius Suter in MINNESOTA Wild zone.
16:50 of 2nd period - Minor Penalty to J.T. Miller for Cross-checking.
16:51 of 2nd period - Pius Suter wins face-off versus Trevor Moore in MINNESOTA Wild zone.
16:52 of 2nd period - Shot by Erik Cernak.
16:52 of 2nd period - Shot Blocked by Trevor Moore.
16:58 of 2nd period - Shot by Kirby Dach.
16:58 of 2nd period - Shot Misses the Net.
17:03 of 2nd period - Kirby Dach is hit by Alexandre Carrier and loses puck.
17:18 of 2nd period - Shot by Jacob Trouba.
17:18 of 2nd period - Deflect By Nikolaj Ehlers.
17:18 of 2nd period - Shot Misses the Net.
17:20 of 2nd period - Shot by Erik Cernak.
17:20 of 2nd period - Stopped by Ilya Samsonov without a rebound.
17:21 of 2nd period - Trevor Moore wins face-off versus Dillon Dube in MINNESOTA Wild zone.
17:44 of 2nd period - Shot by Dillon Dube.
17:44 of 2nd period - Goal by Dillon Dube - MINNESOTA Wild : 0 - NEW YORK Islanders : 2.
17:45 of 2nd period - J.T. Miller wins face-off versus Zack Kassian in neutral zone.
18:55 of 2nd period - Icing by Ilya Lyubushkin.
18:56 of 2nd period - Yanni Gourde wins face-off versus Michael McLeod in NEW YORK Islanders zone.
19:06 of 2nd period - Icing by Ilya Lyubushkin.
19:07 of 2nd period - Michael McLeod wins face-off versus Robert Thomas in NEW YORK Islanders zone.
19:07 of 2nd period - Michael McLeod is hit by Kevin Fiala.
19:10 of 2nd period - Ilya Lyubushkin is hit by Martin Necas and loses puck.
19:35 of 2nd period - Alex Pietrangelo is hit by Nino Niederreiter and loses puck.
19:40 of 2nd period - Shot by Dillon Dube.
19:40 of 2nd period - Shot Misses the Net.
19:47 of 2nd period - Dillon Dube is hit by Mattias Ekholm and loses puck.
19:50 of 2nd period - Shot by Nino Niederreiter.
19:50 of 2nd period - Stopped by Ilya Samsonov without a rebound.
19:51 of 2nd period - J.T. Miller wins face-off versus Pius Suter in MINNESOTA Wild zone.
19:55 of 2nd period - Off-side.
19:56 of 2nd period - Tyler Toffoli wins face-off versus Pius Suter in neutral zone.
Goals for this period are 0 for MINNESOTA Wild vs 2 for NEW YORK Islanders.
Shots for this period are 8 for MINNESOTA Wild vs 10 for NEW YORK Islanders.

3rd period


0:01 of 3rd period - Nikolaj Ehlers wins face-off versus J.T. Miller in neutral zone.
0:28 of 3rd period - Shot by Nino Niederreiter.
0:28 of 3rd period - Shot Misses the Net.
0:30 of 3rd period - Shot by Nino Niederreiter.
0:30 of 3rd period - Shot Misses the Net.
0:32 of 3rd period - Shot by Erik Cernak.
0:32 of 3rd period - Shot Blocked by Alex Pietrangelo.
0:44 of 3rd period - Shot by Tyler Toffoli.
0:44 of 3rd period - Shot Blocked by Jacob Trouba.
0:54 of 3rd period - Alex Pietrangelo is hit by Dillon Dube.
1:11 of 3rd period - Mattias Ekholm is hit by Ilya Lyubushkin and loses puck.
1:25 of 3rd period - Robert Thomas is hit by Ilya Lyubushkin and loses puck.
2:05 of 3rd period - Shot by Kirby Dach.
2:05 of 3rd period - Goal by Kirby Dach - MINNESOTA Wild : 0 - NEW YORK Islanders : 3.
2:06 of 3rd period - Michael McLeod wins face-off versus Yanni Gourde in neutral zone.
2:06 of 3rd period - Logan Stanley is hit by Yanni Gourde and loses puck.
2:13 of 3rd period - Yanni Gourde is hit by Sean Kuraly and loses puck.
2:27 of 3rd period - Sean Kuraly is hit by Yanni Gourde and loses puck.
3:06 of 3rd period - Shot by Jesper Fast.
3:06 of 3rd period - Stopped by Ilya Samsonov without a rebound.
3:07 of 3rd period - Dillon Dube wins face-off versus Anton Lundell in MINNESOTA Wild zone.
3:22 of 3rd period - Shot by Dillon Dube.
3:22 of 3rd period - Stopped by Ilya Samsonov without a rebound.
3:23 of 3rd period - J.T. Miller wins face-off versus Pius Suter in MINNESOTA Wild zone.
3:41 of 3rd period - Shot by J.T. Miller.
3:41 of 3rd period - Stopped by Ilya Sorokin with a rebound.
3:45 of 3rd period - Shot by Tyler Toffoli.
3:45 of 3rd period - Shot Blocked by Erik Cernak.
3:47 of 3rd period - Shot by Alex Pietrangelo.
3:47 of 3rd period - Deflect By Tyler Toffoli.
3:47 of 3rd period - Shot Misses the Net.
4:26 of 3rd period - Shot by Morgan Rielly.
4:26 of 3rd period - Shot Misses the Net.
5:02 of 3rd period - Shot by Dillon Dube.
5:02 of 3rd period - Stopped by Ilya Samsonov without a rebound.
5:03 of 3rd period - Kirby Dach wins face-off versus Yanni Gourde in MINNESOTA Wild zone.
6:13 of 3rd period - Shot by Dillon Dube.
6:13 of 3rd period - Goal by Dillon Dube - MINNESOTA Wild : 0 - NEW YORK Islanders : 4.
6:14 of 3rd period - Michael McLeod wins face-off versus J.T. Miller in neutral zone.
7:08 of 3rd period - Nikolaj Ehlers is hit by Tyler Toffoli and loses puck.
7:32 of 3rd period - Shot by Martin Necas.
7:32 of 3rd period - Shot Misses the Net.
7:34 of 3rd period - Shot by Kevin Fiala.
7:34 of 3rd period - Goal by Kevin Fiala - MINNESOTA Wild : 1 - NEW YORK Islanders : 4.
7:35 of 3rd period - Gustav Nyquist wins face-off versus Anton Lundell in neutral zone.
7:37 of 3rd period - Lucas Raymond is hit by Mathieu Joseph and loses puck.
7:47 of 3rd period - Lucas Raymond is hit by Alexandre Carrier and loses puck.
7:52 of 3rd period - Shot by Pius Suter.
7:52 of 3rd period - Shot Misses the Net.
7:54 of 3rd period - Shot by Pius Suter.
7:54 of 3rd period - Shot Blocked by Morgan Rielly.
8:07 of 3rd period - Gustav Nyquist is hit by Morgan Rielly and loses puck.
8:15 of 3rd period - Lucas Raymond is hit by Alexandre Carrier and loses puck.
8:33 of 3rd period - Erik Cernak is hit by Morgan Rielly and loses puck.
9:29 of 3rd period - Shot by Nikolaj Ehlers.
9:29 of 3rd period - Shot Blocked by Morgan Rielly.
9:31 of 3rd period - Shot by Nikolaj Ehlers.
9:31 of 3rd period - Stopped by Ilya Samsonov without a rebound.
9:32 of 3rd period - Michael McLeod wins face-off versus J.T. Miller in MINNESOTA Wild zone.
9:38 of 3rd period - Icing by Alex Pietrangelo.
9:39 of 3rd period - Dillon Dube wins face-off versus J.T. Miller in MINNESOTA Wild zone.
10:02 of 3rd period - Shot by Nikolaj Ehlers.
10:02 of 3rd period - Shot Misses the Net.
10:24 of 3rd period - Shot by Tyler Toffoli.
10:24 of 3rd period - Stopped by Ilya Sorokin without a rebound.
10:25 of 3rd period - Pius Suter wins face-off versus Robert Thomas in NEW YORK Islanders zone.
10:39 of 3rd period - Shot by Martin Necas.
10:39 of 3rd period - Shot Misses the Net.
10:47 of 3rd period - Shot by Robert Thomas.
10:47 of 3rd period - Shot Misses the Net.
11:33 of 3rd period - Mattias Ekholm is hit by Lucas Raymond and loses puck.
13:27 of 3rd period - Shot by Kirby Dach.
13:27 of 3rd period - Shot Misses the Net.
13:29 of 3rd period - Shot by Jesper Fast.
13:29 of 3rd period - Stopped by Ilya Samsonov with a rebound.
13:42 of 3rd period - Shot by Kirby Dach.
13:42 of 3rd period - Deflect By Victor Olofsson.
13:42 of 3rd period - Stopped by Ilya Samsonov without a rebound.
13:43 of 3rd period - Robert Thomas wins face-off versus Michael McLeod in MINNESOTA Wild zone.
13:43 of 3rd period - Robert Thomas is hit by Sean Kuraly.
14:07 of 3rd period - Robert Thomas is hit by Logan Stanley.
15:58 of 3rd period - Shot by Jesper Fast.
15:58 of 3rd period - Shot Blocked by Caleb Jones.
16:00 of 3rd period - Shot by Kirby Dach.
16:00 of 3rd period - Stopped by Ilya Samsonov without a rebound.
16:01 of 3rd period - Pius Suter wins face-off versus Robert Thomas in MINNESOTA Wild zone.
16:04 of 3rd period - Shot by Gustav Nyquist.
16:04 of 3rd period - Shot Misses the Net.
16:09 of 3rd period - Icing by Alex Pietrangelo.
16:10 of 3rd period - Robert Thomas wins face-off versus Pius Suter in MINNESOTA Wild zone.
16:12 of 3rd period - Icing by Alex Pietrangelo.
16:13 of 3rd period - Robert Thomas wins face-off versus Dillon Dube in MINNESOTA Wild zone.
16:13 of 3rd period - Robert Thomas is hit by Dillon Dube.
17:37 of 3rd period - Shot by J.T. Miller.
17:37 of 3rd period - Deflect By Nikita Kucherov.
17:37 of 3rd period - Stopped by Ilya Sorokin without a rebound.
17:38 of 3rd period - Jesper Fast wins face-off versus Yanni Gourde in NEW YORK Islanders zone.
18:10 of 3rd period - Shot by Trevor Moore.
18:10 of 3rd period - Shot Misses the Net.
18:12 of 3rd period - Shot by Taylor Hall.
18:12 of 3rd period - Stopped by Ilya Sorokin without a rebound.
18:13 of 3rd period - J.T. Miller wins face-off versus Dillon Dube in NEW YORK Islanders zone.
18:14 of 3rd period - Shot by Tyler Toffoli.
18:14 of 3rd period - Deflect By J.T. Miller.
18:14 of 3rd period - Stopped by Ilya Sorokin with a rebound.
18:16 of 3rd period - Shot by J.T. Miller.
18:16 of 3rd period - Stopped by Ilya Sorokin without a rebound.
18:17 of 3rd period - J.T. Miller wins face-off versus Dillon Dube in NEW YORK Islanders zone.
18:36 of 3rd period - Shot by Dillon Dube.
18:36 of 3rd period - Shot Blocked by J.T. Miller.
19:43 of 3rd period - Shot by Gustav Nyquist.
19:43 of 3rd period - Shot Misses the Net.
19:51 of 3rd period - Ilya Lyubushkin is hit by Martin Necas and loses puck.
Goals for this period are 1 for MINNESOTA Wild vs 2 for NEW YORK Islanders.
Shots for this period are 7 for MINNESOTA Wild vs 9 for NEW YORK Islanders. Output by the SimonT Hockey Simulator (STHS) for Martin Benoit - Original Page W3C HTML5 Valid
Hockey Simulator - Hockey Simulation - Hockey Manager